 Dungeon Crawl Stone Soup version 0.29.1-15-g9cfb28693d (webtiles) character file.

Game seed: 2259686952073038025

259 booth the Cudgeller (level 6, -3/39 HPs)
             Began as a Gargoyle Monk on Mar 9, 2023.
             Was a Believer of Okawaru.
             Splashed by a jelly's acid (5 damage)
             ... on level 4 of the Dungeon.
             The game lasted 00:21:53 (4221 turns).

booth the Cudgeller (Gargoyle Monk)                 Turns: 4221, Time: 00:21:53

Health: -3/39      AC:  0    Str: 17    XL:     6   Next: 17%
Magic:  5/6        EV: 13    Int: 10    God:    Okawaru [**....]
Gold:   250        SH:  0    Dex: 18    Spells: 5/5 levels left

rFire   . . .      SeeInvis .   a - +0 mace
rCold   . . .      Faith    .   (no shield)
rNeg    + . .      Spirit   .   t - +0 leather armour
rPois   ∞          Reflect  .   (no helmet)
rElec   +          Harm     .   (no cloak)
rCorr   .          Rampage  .   (no gloves)
Will    .....                   (no boots)
Stlth   ++........              (no amulet)
HPRegen 0.13/turn               u - +6 ring of dexterity
MPRegen 0.10/turn               (no ring)

@: corroded
A: sickness immunity, AC +4, negative energy resistance 1, electricity
resistance, torment resistance 1, petrification resistance
a: Renounce Religion, Heroism


You were on level 4 of the Dungeon.
You worshipped Okawaru.
Okawaru was pleased with you.
You visited 1 branch of the dungeon, and saw 4 of its levels.

You collected 250 gold pieces.

Inventory:

Hand Weapons
 a - a +0 mace (weapon)
 f - a +0 hand axe
 i - a +1 dagger of venom
 j - a +2 war axe of freezing
 q - a +0 battleaxe
Missiles
 h - 2 boomerangs (quivered)
 o - 10 poisoned darts
 v - 6 javelins
Armour
 b - a +0 robe
 t - a +0 leather armour (worn)
Jewellery
 u - a +6 ring of dexterity (left hand)
Wands
 s - a wand of digging (3)
Scrolls
 d - a scroll of blinking
 e - a scroll of poison
 n - a scroll of vulnerability {unknown}
Potions
 c - a potion of ambrosia
 g - 4 potions of brilliance
 k - 2 potions of flight
 l - a potion of cancellation
 m - a potion of haste
 p - 2 potions of heal wounds {unknown}
 r - 2 potions of berserk rage {unknown}
 w - a potion of curing {unknown}
 x - a potion of lignification {unknown}


   Skills:
 + Level 4.4 Fighting
 * Level 4.8 Maces & Flails
 + Level 0.3 Armour
 - Level 3.2 Dodging
 + Level 3.7 Stealth


You had 5 spell levels left.
You didn't know any spells.
Your spell library was empty.

Dungeon Overview and Level Annotations

Branches:
Dungeon (4/15)
 Temple: D:4-7

Altars:
Okawaru
Yredelemnul
The Shining One

Shops:
D:1 !

Annotations:
D:3 Grinder


Innate Abilities, Weirdness & Mutations

You are immune to sickness and miasma.
Your stone body is resilient. (AC +4)
You are immune to poison.
You resist negative energy. (rN+)
You are resistant to electric shocks. (rElec)
You are resistant to unholy torment.
You are immune to petrification.


Message History

The iguana bites you.
You barely miss the iguana.
The iguana is lightly wounded.
The iguana barely misses you.
You hit the iguana.
The iguana is moderately wounded.
The iguana barely misses you.
You hit the iguana but do no damage.
The iguana is moderately wounded.
The iguana closely misses you.
You hit the iguana.
The iguana is moderately wounded.
You thump the iguana!
The iguana is almost dead.
The iguana misses you.
You barely miss the iguana.
The iguana is almost dead.
The iguana barely misses you.
You sock the iguana!
You kill the iguana!
Okawaru accepts your kill.
You feel like a meek peon again.
You hit the jelly. The acid corrodes you!
Your hands burn!
The jelly is moderately wounded.
The jelly hits you but does no damage.
You hit the jelly.
Your hands burn!
The jelly is heavily wounded.
The jelly hits you.
You are splashed with acid!
* * * LOW HITPOINT WARNING * * *
The jelly hits you but does no damage.
You hit the jelly.
Your hands burn!
* * * LOW HITPOINT WARNING * * *
The jelly is severely wounded.
The jelly closely misses you.
You hit the jelly but do no damage. The acid corrodes you!
Your hands burn!
* * * LOW HITPOINT WARNING * * *
The jelly is severely wounded.
The jelly misses you.
You hit the jelly but do no damage.
Your hands burn!
You die...

#.##........) #....#.
#.##.###.###. ##.....
#........# ## #......
#####.##### #......#
###.#### #....#.
#....).# ## ....
#.#.#..#
##...##J#####.#....##
.......@...†.........
.#...##.#####.##...###
## #... #......#
...#.# ####.### #.#.
.# #.# #.## ## #


You could see a jelly.

Vanquished Creatures
  Natasha (D:3)
  An iguana (D:4)
  2 orc wizards (D:3)
  Ijyb (D:3)
  5 adders
  A worm (D:2)
  3 dart slugs
  4 orcs
  7 ball pythons
  4 bats
  11 endoplasms
  5 giant cockroaches
  6 goblins
  8 hobgoblins
  4 jackals
  A quokka (D:1)
  3 frilled lizards (D:2)
  9 kobolds
  7 rats
83 creatures vanquished.

Vanquished Creatures (others)
  A fungus (D:2)
1 creature vanquished.

Grand Total: 84 creatures vanquished

Notes
Turn   | Place    | Note
-------+----------+-------------------------------------------
     0 | D:1      | booth the Gargoyle Monk began the quest for the Orb.
     0 | D:1      | Reached XP level 1. HP: 14/14 MP: 1/1
    55 | D:1      | Found Leishuv's Distillery.
   281 | D:1      | Reached XP level 2. HP: 18/19 MP: 2/2
  1006 | D:1      | Reached XP level 3. HP: 20/23 MP: 3/3
  1575 | D:2      | Reached XP level 4. HP: 28/29 MP: 4/4
  2177 | D:2      | Found a faded altar of an unknown god.
  2912 | D:3      | Found an iron altar of Okawaru.
  2922 | D:3      | Became a worshipper of Warmaster Okawaru
  2922 | D:3      | Reached * piety under Okawaru
  2922 | D:3      | Reached ** piety under Okawaru
  2985 | D:3      | Reached XP level 5. HP: 27/33 MP: 5/5
  3131 | D:3      | Noticed Ijyb
  3157 | D:3      | Killed Ijyb
  3473 | D:3      | Noticed Grinder
  3544 | D:3      | Found a glowing golden altar of the Shining One.
  3846 | D:3      | Noticed Natasha
  3865 | D:3      | Killed Natasha
  4029 | D:3      | Found a basalt altar of Yredelemnul.
  4120 | D:4      | Reached XP level 6. HP: 37/39 MP: 6/6
  4221 | D:4      | Splashed by a jelly's acid

Illustrated notes

Levels and vault maps discovered:
D:1:      erik_arrival_triangle_small, layout_rooms, serial_shops,
          nicolae_shop_stone, minmay_tromino_v4_b
D:2:      layout_basic, shapermc_ecumenical_altar_hornbeckon,
          minmay_increasing_density
D:3:      layout_basic, lemuel_round_altar, mainiacjoe_overflow_alcove_1,
          nicolae_tso_carved_into_rock, minmay_snake_closets, uniq_natasha,
          uniq_grinder, uniq_ijyb
D:4:      layout_loops_corners, nicolae_gozag_cash_rules_everything_around_me

Skill      XL: |  1  2  3  4  5 |
---------------+----------------+-----
Stealth        | 3 |  3.7
Maces & Flails | 4 |  4.8
Fighting       | 4 |  4.4
Dodging        | 3 |  3.2
Armour         | |  0.3

Action                   |  1- 3 |  4- 6 || total
-------------------------+-------+-------++-------
Melee: Mace              |   115 |   179 ||   294
       Punch             |       |     3 ||     3
Throw: Dart              |       |     3 ||     3
Invok: Heroism           |       |     4 ||     4
  Use: Scroll            |     3 |     4 ||     7
 Stab: Sleeping          |       |     6 ||     6
Armor: Robe              |    28 |    52 ||    80
       Leather armour    |       |    11 ||    11
Dodge: Dodged            |    76 |    97 ||   173
